 Dungeon Crawl Stone Soup version 0.15-a0-2099-gfb1bfb9 (webtiles) character file.

10710 N00bl0rd the Cleaver (level 11, -11/83 HPs)
             Began as a Formicid Fighter on July 14, 2014.
             Was a Priest of Cheibriados.
             Mangled by a large slime creature (28 damage)
             ... on Level 12 of the Dungeon.
             The game lasted 00:39:11 (8859 turns).

N00bl0rd the Cleaver (Formicid Fighter)             Turns: 8859, Time: 00:39:11

HP -11/83        AC 19     Str 36      XL: 11   Next: 98%
MP   0/26        EV 16     Int 14 (15) God: Cheibriados [***...]
Gold 358         SH  7     Dex 17      Spells:  0 memorised, 10 levels left

rFire  + + .     SeeInvis +     O - +4 trident of Gusanuxi {venom, rPois rF+ MR++}
rCold  . . .     Clarity  .     L - +1 ring mail {rF+}
rNeg   . . .     rCorr    .     y - +1 buckler {AC+3}
rPois  +         rRot     .     (helmet unavailable)
rElec  .         Spirit   +     l - +0 cloak
SustAb .         Warding  .     k - +1 pair of gloves
rMut   .         Stasis   +     R - +0 pair of boots
Gourm  .                        g - amulet of guardian spirit
MR     +++..                    (no ring)
                                M - +5 ring of protection

@: mighty, studying Summonings, very slow, extremely resistant to hostile
enchantments, very unstealthy
A: permanent stasis, dig shafts and tunnels, four strong arms, antennae 3
a: Dig, Shaft Self, Bend Time, Temporal Distortion, Renounce Religion


You were on level 12 of the Dungeon.
You worshipped Cheibriados.
Cheibriados was most pleased with you.
You were hungry.

You visited 2 branches of the dungeon, and saw 13 of its levels.
You also visited: Ossuary.

You collected 456 gold pieces.
You spent 98 gold pieces at shops.

Inventory:

Hand weapons
 a - a +1 war axe of freezing
 O - the +4 trident of Gusanuxi (weapon) {venom, rPois rF+ MR++}
   (You found it on level 8 of the Dungeon)

   It poisons the flesh of those it strikes.
   It protects you from fire.
   It protects you from poison.
   It affects your resistance to hostile enchantments.
Armour
 k - a +1 pair of gloves (worn)
 l - a +0 cloak (worn)
 y - a +1 buckler of protection (worn)
 L - a +1 ring mail of fire resistance (worn)
 R - a +0 pair of boots (worn)
Magical devices
 b - a wand of draining (2)
 t - a wand of lightning (0)
 K - a wand of cold (8)
 P - a wand of fire (7)
Comestibles
 d - 13 bread rations
 j - 4 rotting chunks of hill giant flesh
 p - 2 slices of pizza
 s - a beef jerky
 u - 5 fruits
 v - 2 royal jellies
 w - 2 meat rations
 A - 6 chunks of steam dragon flesh
Scrolls
 f - 2 scrolls of remove curse
 i - 6 scrolls of identify
 m - 2 scrolls of enchant armour
 n - 2 scrolls of immolation
 C - a scroll of fog
 D - a scroll of fear
 V - 2 scrolls of enchant weapon
Jewellery
 c - an uncursed amulet of faith
 g - an amulet of guardian spirit (around neck)
 M - a +5 ring of protection (left hand)
 N - an uncursed amulet of resist mutation
Potions
 e - a potion of might
 o - a potion of restore abilities
 x - 5 potions of curing
 B - a potion of flight
 E - a potion of mutation
 H - a potion of resistance
Books
 h - a book of the Tempests

   Spells                             Type                      Level
   Static Discharge                   Conjuration/Air              3
   Lightning Bolt                     Conjuration/Air              5
   Fireball                           Conjuration/Fire             5
   Tornado                            Air                          9
   Shatter                            Earth                        9
 q - a book of Unlife

   Spells                             Type                      Level
   Recall                             Summoning/Translocation      3
   Animate Dead                       Necromancy                   4
   Control Undead                     Necromancy                   4
   Twisted Resurrection               Necromancy                   5
   Death Channel                      Necromancy                   6
   Simulacrum                         Ice/Necromancy               6
 r - a book of Enchantments

   Spells                             Type                      Level
   Tukima's Dance                     Hexes                        3
   Cause Fear                         Hexes                        4
   Silence                            Hexes/Air                    5
   Deflect Missiles                   Charms/Air                   6
   Haste                              Charms                       6
   Discord                            Hexes                        8
 z - a book of the Sky

   Spells                             Type                      Level
   Flight                             Charms/Air                   3
   Airstrike                          Air                          4
   Silence                            Hexes/Air                    5
   Deflect Missiles                   Charms/Air                   6
   Conjure Ball Lightning             Conjuration/Air              6
   Tornado                            Air                          9
 F - a book of Battle

   Spells                             Type                      Level
   Infusion                           Charms                       1
   Shroud of Golubria                 Charms/Translocation         2
   Song of Slaying                    Charms                       2
   Spectral Weapon                    Hexes/Charms                 3
   Regeneration                       Charms/Necromancy            3
 U - a manual of Summonings
 W - a book of Flames

   Spells                             Type                      Level
   Flame Tongue                       Conjuration/Fire             1
   Throw Flame                        Conjuration/Fire             2
   Conjure Flame                      Conjuration/Fire             3
   Inner Flame                        Hexes/Fire                   3
   Sticky Flame                       Conjuration/Fire             4
   Fireball                           Conjuration/Fire             5
Miscellaneous
 J - a stone of tremors


   Skills:
 - Level 6.6 Fighting
 * Level 11.4 Axes
 - Level 3.5 Armour
 + Level 7.8 Dodging
 - Level 6.1 Shields
 * Level 10.5 Invocations


You had 10 spell levels left.
You didn't know any spells.

Dungeon Overview and Level Annotations

Branches:
Dungeon (13/15)            Temple (1/1) D:6             Orc (0/4) D:10
   Lair (0/8) D:10
 Vaults: D:13-14

Altars:
Ashenzari
Cheibriados
Dithmenos
Elyvilon
Fedhas
Gozag
Kikubaaqudgha
Makhleb
Nemelex Xobeh
Okawaru
Qazlal
Sif Muna
Trog
Vehumet
Xom
Yredelemnul
Zin
The Shining One

Shops:
D:8 !

Annotations:
D:10 uri's ghost, powerful GrFi


Innate Abilities, Weirdness & Mutations

Your are under a permanent stasis effect.
You can dig through walls and to a lower floor.
Your four strong arms can wield two-handed weapons with a shield.
You have a pair of large antennae on your head (SInv).


Message History

You block the large slime creature's attack.
The slime creature barely misses you.
Attack whom?
Press: ? - help, Dir - move target cursor, f/p - four-headed hydra
Aim: a four-headed hydra (severely wounded)
The large slime creature is in the way.
You puncture the large slime creature!
The large slime creature is moderately wounded.
You block the large slime creature's attack.
The slime creature hits you but does no damage.
Attack whom?
Press: ? - help, Dir - move target cursor, f/p - four-headed hydra
Aim: a four-headed hydra (heavily wounded)
You reach to attack!
You barely miss the four-headed hydra.
The four-headed hydra is heavily wounded.
The large slime creature hits you!
* * * LOW HITPOINT WARNING * * *
The slime creature hits you.
Drink which item? (? for menu, Esc to quit)
You feel better. The large slime creature hits you!!
You die...

.>..'.'.......#.......
....###.(.....#........ ....#
#.......).......##
....###...^...#######..
......+.......# ..
#+#####.......# .#
#.#####....)..## .#####
#..(......)((..######.....#.#
#............(DJ@J.≈Z........
........#####.(####.##....###
#######.#####..# #.# ...#
...............# #.# ..#
#####.#.######.## #.# ...
........#.......# #.. .
#########.......###.. #
#......).##.. # #......#.##..


You could see a four-headed hydra, a large slime creature, a slime creature and
a hill giant skeleton.

Vanquished Creatures
  A hydra (D:12)
  Erolcha (D:12)
  A hill giant (D:12)
  Pikel (D:8)
  A cyclops (D:13)
  A manticore (D:13)
  An oklob plant (D:10)
  Joseph (D:12)
  2 kobold demonologists (D:12)
  A spriggan (D:7)
  The ghost of Tolias the Digger, an average DEWn of Vehumet (D:5)
  2 deep elf magi
  Eustachio (D:8)
  A steam dragon (D:12)
  3 hippogriffs
  4 swamp worms (D:10)
  A soldier ant (D:10)
  4 sky beasts
  2 ice beasts
  4 ogres
  A manticore zombie (D:9)
  A necrophage (D:9)
  A phantom (D:8)
  3 orc warriors
  Sigmund (D:2)
  4 big kobolds
  4 centaurs
  Blork the orc (D:7)
  A brain worm (D:10)
  4 giant frogs
  4 water moccasin zombies (Ossuary)
  A scorpion (D:8)
  A yak skeleton (D:9)
  3 wights (D:8)
  4 hounds
  A goliath beetle (D:8)
  6 crimson imps
  A giant frog zombie (D:12)
  A jelly (D:8)
  Crazy Yiuf (D:5)
  A giant frog skeleton (D:6)
  9 orc priests
  A centaur skeleton (D:4)
  9 orc wizards
  10 worker ants
  A basilisk skeleton (D:10)
  5 iguanas
  A big kobold zombie (Ossuary)
  Jessica (D:6)
  2 big kobold skeletons
  Terence (D:2)
  2 mummies (Ossuary)
  4 gnolls (D:6)
  An orc skeleton (D:9)
  9 adders
  A giant mite (D:2)
  An inept feature mimic (D:7)
  2 shadow imps
  16 worms
  4 adder zombies (Ossuary)
  An ooze (D:1)
  37 orcs
  13 bats
  A bat skeleton (D:7)
  7 giant cockroaches
  7 goblins
  14 hobgoblins
  2 jackals (D:3)
  A ball python (D:7)
  4 giant geckos
  4 giant newts
  2 gnoll zombies
  A hobgoblin skeleton (D:9)
  6 hobgoblin zombies (Ossuary)
  31 kobolds
  5 kobold zombies (Ossuary)
  4 orc zombies (Ossuary)
  5 quokkas
  A quokka zombie (D:4)
  14 rats
  A plant (D:10)
320 creatures vanquished.

Vanquished Creatures (others)
  A giant cockroach (D:8)
  A hobgoblin (D:6)
  2 plants (D:10)
4 creatures vanquished.

Grand Total: 324 creatures vanquished

Notes
Turn   | Place    | Note
--------------------------------------------------------------
     0 | D:1      | N00bl0rd, the Formicid Fighter, began the quest for the Orb.
     0 | D:1      | Reached XP level 1. HP: 18/18 MP: 1/1
   154 | D:1      | Reached XP level 2. HP: 20/24 MP: 3/3
   720 | D:2      | Reached XP level 3. HP: 29/29 MP: 4/4
   724 | D:2      | Reached skill level 1 in Dodging
   746 | D:2      | Noticed Terence
   755 | D:2      | Killed Terence
   755 | D:2      | Reached XP level 4. HP: 34/37 MP: 3/5
  1059 | D:2      | Reached skill level 4 in Fighting
  1084 | D:2      | Noticed Sigmund
  1104 | D:2      | Killed Sigmund
  1104 | D:2      | Reached XP level 5. HP: 32/42 MP: 7/7
  1252 | D:2      | Found an iron altar of Okawaru.
  1362 | D:3      | Noticed an ice beast
  1382 | D:3      | Killed an ice beast
  1382 | D:3      | Reached XP level 6. HP: 23/49 MP: 5/8
  1728 | D:3      | Reached skill level 5 in Axes
  2101 | D:4      | Reached XP level 7. HP: 55/55 MP: 9/9
  2225 | D:4      | Found a sand-covered staircase.
  2244 | Ossuary  | Entered an ossuary
  2421 | Ossuary  | Reached skill level 5 in Fighting
  2689 | D:4      | Reached XP level 8. HP: 56/62 MP: 11/11
  2993 | D:5      | Entered Level 5 of the Dungeon
  3362 | D:5      | Reached skill level 6 in Axes
  3601 | D:5      | Reached skill level 5 in Shields
  3844 | D:5      | Noticed Crazy Yiuf
  3853 | D:5      | Killed Crazy Yiuf
  3997 | D:5      | Noticed Tolias' ghost (average DEWn)
  4005 | D:5      | Killed Tolias' ghost
  4175 | D:6      | Reached skill level 7 in Axes
  4225 | D:6      | Reached XP level 9. HP: 66/69 MP: 12/12
  4242 | D:6      | Found a sparkling altar of Nemelex Xobeh.
  4242 | D:6      | Noticed Jessica
  4247 | D:6      | Killed Jessica
  4304 | D:6      | Found a staircase to the Ecumenical Temple.
  4315 | Temple   | Entered the Ecumenical Temple
  4466 | Temple   | Became a worshipper of Cheibriados the Contemplative
  4560 | D:6      | Found an ancient bone altar of Kikubaaqudgha.
  4706 | D:6      | Reached skill level 1 in Invocations
  5054 | D:7      | Reached skill level 5 in Dodging
  5069 | D:7      | Poor Spriggan
  5138 | D:7      | Reached skill level 8 in Axes
  5152 | D:7      | Gained mutation: Your magical capacity is low (-10% MP). [potion of mutation]
  5152 | D:7      | Gained mutation: Your vision is a little blurry. [potion of mutation]
  5152 | D:7      | Gained mutation: Your body is slowly deteriorating. [potion of mutation]
  5153 | D:7      | Lost mutation: Your vision is a little blurry. [potion of cure mutation]
  5153 | D:7      | Lost mutation: Your magical capacity is low (-10% MP). [potion of cure mutation]
  5153 | D:7      | Lost mutation: Your body is slowly deteriorating. [potion of cure mutation]
  5426 | D:7      | Noticed Blork the orc
  5432 | D:7      | Killed Blork the orc
  5695 | D:8      | Noticed Eustachio
  5702 | D:8      | Killed Eustachio
  5711 | D:8      | Reached XP level 10. HP: 66/77 MP: 15/19
  5872 | D:8      | Reached skill level 5 in Invocations
  5909 | D:8      | Got a bloodstained trident
  5910 | D:8      | Identified the +4 trident of Gusanuxi {venom, rPois rF+ MR++} (You found it on level 8 of the Dungeon)
  6085 | D:8      | Noticed Pikel
  6101 | D:8      | Killed Pikel
  6101 | D:8      | Reached skill level 9 in Axes
  6212 | D:8      | Found Qaixud's Distillery.
  6226 | D:8      | Bought a potion of curing for 28 gold pieces
  6226 | D:8      | Bought a potion of heal wounds for 42 gold pieces
  6226 | D:8      | Bought a potion of curing for 28 gold pieces
  6548 | D:9      | Acquired Cheibriados' first power
  7212 | D:10     | Entered Level 10 of the Dungeon
  7246 | D:10     | Acquired Cheibriados' second power
  7461 | D:10     | Reached skill level 10 in Axes
  7489 | D:10     | Reached XP level 11. HP: 67/83 MP: 22/24
  7612 | D:10     | Found a staircase to the Lair.
  7799 | D:10     | Acquired Cheibriados' third power
  7846 | D:10     | Noticed an oklob plant
  7866 | D:10     | Killed an oklob plant
  8104 | D:10     | Found a staircase to the Orcish Mines.
  8156 | D:10     | Noticed uri's ghost (powerful GrFi)
  8186 | D:10     | You fall through a shaft for 3 floors!
  8203 | D:13     | Noticed a cyclops
  8215 | D:13     | Killed a cyclops
  8376 | D:13     | Noticed a manticore
  8387 | D:13     | Killed a manticore
  8466 | D:12     | Noticed Erolcha
  8476 | D:12     | Killed Erolcha
  8518 | D:12     | Noticed a four-headed hydra
  8520 | D:12     | Noticed Joseph
  8528 | D:12     | Killed a four-headed hydra
  8528 | D:12     | Reached skill level 11 in Axes
  8530 | D:12     | Noticed a hill giant
  8540 | D:12     | Killed Joseph
  8549 | D:12     | Killed a hill giant
  8549 | D:12     | Reached skill level 10 in Invocations
  8823 | D:12     | Noticed a four-headed hydra
  8853 | D:12     | HP: 4/83 [large slime creature (17)]
  8859 | D:12     | Mangled by a large slime creature

Action                   |  1- 3 |  4- 6 |  7- 9 | 10-12 || total
-------------------------+-------+-------+-------+-------++-------
Melee: War axe           |    65 |   135 |   486 |    74 ||   760
       Trident           |       |       |       |   574 ||   574
Invok: Bend Time         |       |       |       |     2 ||     2
       Temporal Distorti |       |       |       |     4 ||     4
       Slouch            |       |       |       |     1 ||     1
 Abil: Shaft Self        |       |       |       |     1 ||     1
Evoke: Wand              |       |       |     1 |     3 ||     4
  Use: Scroll            |       |       |    13 |     4 ||    17
       Potion            |       |       |    11 |     7 ||    18
  Eat: Chunk             |       |     4 |    12 |    10 ||    26
